 Dungeon Crawl Stone Soup version 0.30-b1-2-g02819fbbbe (webtiles) character file.

Game seed: 13744898638782362882

106 Flugkiller the Conjurer (level 4, 0/35 (42) HPs)
             Began as a Naga Reaver on May 17, 2023.
             Was a Follower of Fedhas.
             Slain by a kobold
             ... wielding a +0 whip
              (4 damage)
             ... on level 3 of the Dungeon.
             The game lasted 00:02:33 (1991 turns).

Flugkiller the Conjurer (Naga Reaver)               Turns: 1991, Time: 00:02:33

HP:   0/35 (42)     AC:  2    Str: 15    XL:     4   Next: 84%
MP:   2/8           EV:  9    Int: 15    God:    Fedhas [*.....]
Gold: 143           SH:  0    Dex:  9    Spells: 5/8 levels left

rFire   . . .        a - +0 spear
rCold   . . .        (no shield)
rNeg    . . .        b - +0 leather armour
rPois   +            (no helmet)
rElec   .            (no cloak)
rCorr   .            (no gloves)
SInv    +            (no barding)
Will    +....        (no amulet)
Stlth   +            m - ring of willpower
HPRegen 0.25/turn    (no ring)
MPRegen 0.11/turn

%: no passive effects
@: immotile, flying, very slightly contaminated, heavily drained, very slow
A: AC +1, large, see invisible, deformed body, poison resistance, slowness 2,
spit poison 1, naga tail 1
a: Spit Poison, Renounce Religion


You were on level 3 of the Dungeon.
You worshipped Fedhas.
Fedhas was aware of your devotion.
You visited 1 branch of the dungeon, and saw 3 of its levels.

You collected 143 gold pieces.

Inventory:

Hand Weapons
 a - a +0 spear (weapon)
Missiles
 l - a throwing net
Armour
 b - a +0 leather armour (worn)
Jewellery
 m - a ring of willpower (left hand)
   (You found it on level 1 of the Dungeon)
Scrolls
 e - 2 scrolls of immolation
 g - a scroll of fear {unknown}
 h - a scroll of amnesia {unknown}
 n - a scroll of blinking {unknown}
 o - a scroll of fog {unknown}
 t - a scroll of teleportation
Potions
 c - a potion of might {unknown}
 i - a potion of magic {unknown}
 j - a potion of berserk rage {unknown}
 k - a potion of heal wounds {unknown}
 p - a potion of attraction {unknown}


   Skills:
 - Level 3.0 Fighting
 - Level 3.0 Polearms
 - Level 1.5 Dodging
 + Level 2.8 Spellcasting
 + Level 3.7 Conjurations
 + Level 1.8 Translocations


You had 5 spell levels left.
You knew the following spells:

 Your Spells              Type           Power      Damage    Failure   Level
a - Kiss of Death         Conj/Necr      28%        2d7       12%         1
b - Momentum Strike       Conj/Tloc      20%        3d8       12%         2

Your spell library contained the following spells:

 Spells                   Type           Power      Damage    Failure   Level
 Slow                     Hex            8%         N/A       26%         1
 Hailstorm                Conj/Ice       7%         3d4       34%         3
 Confusing Touch          Hex            2%         N/A       58%         3
 Vampiric Draining        Necr           2%         2d6       58%         3


Dungeon Overview and Level Annotations

Branches:
Dungeon (3/15) Zot: 15414

Altars:
Fedhas

Shops:
D:2 :


Innate Abilities, Weirdness & Mutations

Your serpentine skin is tough. (AC +1)
You have supernaturally acute eyesight. (SInv)
Armour fits poorly on your strangely shaped body.
Your system is resistant to poisons. (rPois)
You cover ground very slowly.
You can spit poison.
You have a snake-like lower body.


Message History

Unknown command.
You start waiting.
Your surroundings suddenly seem different.
(D) Dungeon
Where to? (Enter - D:2, ? - help)
There is an entrance to Ratt's Book Emporium here.
There is a stone staircase leading down here.
You climb downwards.
The goblin shouts! x2; You hear an angry hiss.
You hear a shout!
There is a stone staircase leading up here.
There are monsters nearby!
Unknown command.
There are monsters nearby!
The goblin unwields a +0 dagger.
The goblin wields a +0 sling.
The goblin shoots a sling bullet.
The sling bullet hits you but does no damage.
The goblin shoots a sling bullet.
The sling bullet barely misses you.
There is a stone staircase leading up here.
The goblin shoots a sling bullet.
The sling bullet closely misses you.
You hear an angry hiss.
The goblin shoots a sling bullet.
The sling bullet hits you but does no damage.
You hit the goblin.
You kill the goblin!
Fedhas appreciates your contribution to the ecosystem.
The goblin shoots a sling bullet.
The sling bullet hits you.
An iguana comes into view.
You see here a +0 dagger.
The goblin shoots a sling bullet.
The sling bullet closely misses you.
The goblin shoots a sling bullet.
The sling bullet hits you.
You reach to attack!
You barely miss the goblin.
The goblin shoots a sling bullet.
The sling bullet barely misses you.
You reach to attack!
You barely miss the iguana. You hit the iguana.
The iguana is moderately wounded.
The iguana bites you.
You barely miss the iguana.
The iguana is moderately wounded.
The iguana closely misses you.
You hit the iguana.
The iguana is moderately wounded.
The iguana bites you but does no damage.
You hit the iguana.
The iguana is severely wounded.
An endoplasm comes into view.
The iguana bites you.
You barely miss the iguana.
The iguana is severely wounded.
The iguana bites you!
You are too injured to fight recklessly!
A kobold comes into view. It is wielding a +0 whip.
The kobold shouts!
The kobold moves out of view.
You see here a +0 dagger.
Casting: Momentum Strike (safe; 14% risk of failure)
Confirm with . or Enter, or press ? or * to list all spells.
Aiming: Momentum Strike (safe; 14% risk of failure)
Press: ? - help, Dir - move target, f/p - iguana
Aim: an iguana (severely wounded, 72% to hit)
You miscast Momentum Strike.
You are very lightly contaminated with residual magic.
Nothing appears to happen.
The iguana hisses menacingly.
The iguana bites you!
* * * LOW HITPOINT WARNING * * *
Casting: Momentum Strike (safe; 14% risk of failure)
Confirm with . or Enter, or press ? or * to list all spells.
Aiming: Momentum Strike (safe; 14% risk of failure)
Press: ? - help, Dir - move target, f/p - iguana
Aim: an iguana (severely wounded, 72% to hit)
The concentrated momentum hits the iguana!
You kill the iguana!
Fedhas appreciates your contribution to the ecosystem.
You are unable to move.
The goblin unwields a +0 sling.
The goblin wields a +0 dagger.
The goblin hits you with a +0 dagger.
* * * LOW HITPOINT WARNING * * *
Your life force feels restored.
You cannot move.
Unknown command.
Casting: Momentum Strike (safe; 12% risk of failure)
Confirm with . or Enter, or press ? or * to list all spells.
Aiming: Kiss of Death (safe; 12% risk of failure)
Press: ? - help, Shift-Dir - straight line, f - goblin
Aim: a goblin, wielding a +0 dagger (100% to hit)
The negative energy hits the goblin.
The goblin is drained!
You kill the goblin!
Fedhas appreciates your contribution to the ecosystem.
You feel drained.
You hit the kobold.
The kobold is severely wounded.
The kobold hits you with a +0 whip.
* * * LOW HITPOINT WARNING * * *
You cannot move.
You aren't carrying any items that you can evoke.
Unknown command.
It was a potion of flight.
You feel very buoyant.
You fly up into the air.
The kobold hits you with a +0 whip.
You die...
Fedhas appreciates your contribution to the ecosystem.

.# ### .# #..
.. # # ###.#
.##. .. ...#
...
#.#.##.##.##
...........#.#
#.##K@<....#
#..J)#...#.#
#..#.##.##
.... #.. ...
##.# ####.###
.. +# #


You could see an endoplasm and a kobold.

Vanquished Creatures
  Terence (D:2)
  An iguana (D:3)
  3 adders (D:2)
  A worm (D:2)
  2 ball pythons
  An endoplasm (D:1)
  A giant cockroach (D:1)
  4 goblins
  2 hobgoblins
  2 jackals (D:1)
  2 kobolds
  2 quokkas
  3 bats
  3 rats
28 creatures vanquished.

Notes
Turn   | Place    | Note
-------+----------+-------------------------------------------
     0 | D:1      | Flugkiller the Naga Reaver began the quest for the Orb.
     0 | D:1      | Reached XP level 1. HP: 19/19 MP: 3/3
    88 | D:1      | Reached XP level 2. HP: 12/27 MP: 5/5
   198 | D:1      | Found a faded altar of an unknown god.
   218 | D:1      | Prayed at the altar of an unknown god.
   218 | D:1      | Became a worshipper of Fedhas Madash
   218 | D:1      | Reached * piety under Fedhas
   521 | D:1      | Learned a level 2 spell: Momentum Strike
   834 | D:2      | HP: 1/24 [kobold/stone (2)]
  1104 | D:2      | Found Ratt's Book Emporium.
  1123 | D:2      | Reached XP level 3. HP: 25/26 MP: 6/6
  1214 | D:2      | Reached skill level 1 in Translocations
  1314 | D:2      | Noticed Terence
  1324 | D:2      | Killed Terence
  1325 | D:2      | Reached XP level 4. HP: 9/40 MP: 2/7
  1991 | D:3      | Slain by a kobold

Illustrated notes

Levels and vault maps discovered:
D:1:      amcnicky_arrival_choice, layout_basic, ebering_ecumenical_altar_webs,
          chequers_serial_rivers_micro_d, minmay_misc_feat_roman
D:2:      layout_basic, serial_shops, shop, nicolae_kite_square_tiling_tiny,
          kennysheep_generic_room_7, uniq_terence
D:3:      layout_loops_corners, nicolae_tso_besieged_by_evil, minmay_surrounded

Skill      XL: |  1  2  3 |
---------------+----------+-----
Fighting       | 3 |  3.0
Translocations | 1 |  1.8
Polearms       | |  3.0
Dodging        | |  1.5
Spellcasting   | |  2.8
Conjurations   | |  3.7

Action                     |  1- 3 |  4- 6 || total
---------------------------+-------+-------++-------
  Melee: Spear             |    74 |    18 ||    92
   Cast: Kiss of Death     |     2 |     1 ||     3
         Momentum Strike   |     6 |     1 ||     7
Ability: Spit Poison       |     2 |       ||     2
    Use: Scroll            |     2 |     1 ||     3
         Potion            |       |     1 ||     1
 Armour: Leather armour    |    11 |     5 ||    16
  Dodge: Dodged            |    32 |     9 ||    41
